 Dungeon Crawl Stone Soup version bcrawl-1.14.2-1-gc900083943 (webtiles) character file.

Game seed: 9270542801630136380

105 MisterOstroum the Vexing (level 4, 0/34 HPs)
             Began as a Gnoll Arcane Marksman on Sept 21, 2019.
             Was a Follower of Nemelex Xobeh.
             Killed by divine providence
             ... invoked by an orc priest
              (11 damage)
             ... on level 3 of the Dungeon.
             The game lasted 00:03:49 (1491 turns).

MisterOstroum the Vexing (Gnoll Arcane Marksman)    Turns: 1491, Time: 00:03:49

Health: 0/34       AC:  3    Str: 14    XL:     4   Next: 81%
Magic:  3/3        EV: 16    Int: 15    God:    Nemelex Xobeh [*.....]
Gold:   170        SH:  0    Dex: 15    Spells: 10/13 levels left

rFire    . . .     SeeInvis .   t - +0 dagger (antimagic)
rCold    . . .     Gourm    .   (no shield)
rNeg     . . .     Faith    .   m - +0 leather armour
rPois    .         Spirit   .   (no helmet)
rElec    .         Reflect  .   (no cloak)
rCorr    .         Harm     .   (no gloves)
MR       .....                  (no boots)
Stlth    ++........             (no amulet)
HPRegen  0.11/turn              h - +2 ring of slaying
MPRegen  0.08/turn              o - +2 ring of evasion

@: no status effects
A: distributed training, fangs 1, strong nose
a: Draw Escape, Draw Destruction, Draw Summoning, Renounce Religion


You were on level 3 of the Dungeon.
You worshipped Nemelex Xobeh.
Nemelex Xobeh was aware of your devotion.
You were not hungry.

You visited 1 branch of the dungeon, and saw 3 of its levels.

You collected 170 gold pieces.

Inventory:

Hand Weapons
 a - a +0 hand crossbow
 b - a +0 dagger
 t - a +0 antimagic dagger (weapon)
Missiles
 f - 558 bolts
 g - 4 stones (quivered)
 k - 298 arrows
Armour
 c - a +0 robe
 m - a +0 leather armour (worn)
Jewellery
 h - a +2 ring of slaying (left hand)
 o - a +2 ring of evasion (right hand)
Scrolls
 i - 3 scrolls of amnesia {unknown}
 j - a scroll of remove curse {unknown}
 n - a scroll of blinking {unknown}
 q - a scroll of identify {unknown}
 r - a scroll of enchant weapon {unknown}
 s - a scroll of immolation {unknown}
Potions
 p - a potion of lignification {unknown}
Comestibles
 e - 5 rations {!d}
 l - 8 chunks of flesh


   Skills:
 + Level 2.8 Fighting
 + Level 1.2 Short Blades
 + Level 1.2 Long Blades
 + Level 1.2 Axes
 + Level 1.2 Maces & Flails
 + Level 1.2 Polearms
 + Level 1.2 Staves
 + Level 1.2 Slings
 + Level 1.2 Bows
 + Level 4.7 Crossbows
 + Level 1.2 Throwing
 + Level 1.2 Armour
 + Level 4.7 Dodging
 + Level 1.2 Stealth
 + Level 1.2 Shields
 + Level 1.2 Unarmed Combat
 + Level 5.1 Spellcasting
 + Level 1.0 Conjurations
 + Level 5.5 Hexes
 + Level 1.0 Charms
 + Level 1.0 Summonings
 + Level 1.0 Necromancy
 + Level 1.0 Translocations
 + Level 1.0 Transmutations
 + Level 1.0 Fire Magic
 + Level 1.0 Ice Magic
 + Level 1.0 Air Magic
 + Level 1.0 Earth Magic
 + Level 1.0 Poison Magic
 + Level 1.3 Invocations
 + Level 1.2 Evocations


You had 10 spell levels left.
You knew the following spells:

 Your Spells              Type           Power        Failure   Level  Hunger
a - Corona                Hex            ###....      1%          1    None
b - Shackle               Hex            ###.....     3%          2    ##.....

Your spell library contained the following spells:

 Spells                   Type           Power        Failure   Level  Hunger
 False Image              Hex/Summ       ##......     16%         3    ###....
 Inner Flame              Hex/Fire       N/A          16%         3    ###....
 Cause Fear               Hex            ###.......   21%         4    ####...
 Yara's Violent Unravell  Hex/Tmut       ##........   45%         4    ####...


Dungeon Overview and Level Annotations

Branches:
Dungeon (3/12)

Altars:
Nemelex Xobeh

Annotations:
D:2 1 runed door, exclusion: door


Innate Abilities, Weirdness & Mutations

Your experience applies equally to all skills.
You have very sharp teeth.
Your uncanny sense of smell can sniff out nearby items.


Message History

Press: ? - help, Shift-Dir - straight line, f/p - adder
Aim: an adder (chance to defeat MR: 67%)
The adder is shackled.
The adder bites you.
You are poisoned.
The adder poisons you!
You feel sick.
The orc priest invokes the aid of Beogh against you.
Beogh smites you!
* * * LOW HITPOINT WARNING * * *
* * * LOW HITPOINT WARNING * * *
You feel sick.
There is an open door here.
* * * LOW HITPOINT WARNING * * *
You feel sick.
You close the door.
You draw a card...
You have drawn Velocity.
Nothing appears to happen.
It was a potion of heal wounds.
You feel much better.
You feel sick.
An orc priest opens the door.
You feel sick.
Casting: Shackle (safe; 3% risk of failure)
Confirm with . or Enter, or press ? or * to list all spells.
Okay, then.
Firing (i - inventory. (/) - cycle)
f - 564 bolts (quivered)
Press: ? - help, Shift-Dir - straight line, f/p - adder
Aim: an adder
Okay, then.
You feel sick.
You are no longer poisoned.
Casting: Shackle (safe; 3% risk of failure)
Confirm with . or Enter, or press ? or * to list all spells.
You don't know that spell.
Casting: Shackle (safe; 3% risk of failure)
Confirm with . or Enter, or press ? or * to list all spells.
Aiming: Shackle (safe; 3% risk of failure)
Press: ? - help, Shift-Dir - straight line, f/p - adder
Aim: an adder (chance to defeat MR: 67%)
The adder struggles to resist.
Casting: Shackle (safe; 3% risk of failure)
Confirm with . or Enter, or press ? or * to list all spells.
Aiming: Shackle (safe; 3% risk of failure)
Press: ? - help, Shift-Dir - straight line, f/p - adder
Aim: an adder (chance to defeat MR: 67%)
The adder is shackled.
Casting: Shackle (safe; 3% risk of failure)
Confirm with . or Enter, or press ? or * to list all spells.
Aiming: Corona (safe; 1% risk of failure)
Press: ? - help, Shift-Dir - straight line, f/p - adder
Aim: an adder (shackled, chance to defeat MR: 67%)
The adder is outlined in light.
Firing (i - inventory. (/) - cycle)
f - 564 bolts (quivered)
Press: ? - help, Shift-Dir - straight line, f/p - adder
Aim: an adder (softly glowing, shackled)
You shoot a bolt. The bolt hits the adder.
The adder is lightly wounded.
Firing (i - inventory. (/) - cycle)
f - 563 bolts (quivered)
Press: ? - help, Shift-Dir - straight line, f/p - adder
Aim: an adder (softly glowing, shackled)
You shoot a bolt. The bolt hits the adder!
The adder is almost dead.
Firing (i - inventory. (/) - cycle)
f - 562 bolts (quivered)
Press: ? - help, Shift-Dir - straight line, f/p - adder
Aim: an adder (almost dead, softly glowing, shackled)
You shoot a bolt.
The bolt hits the orc priest but does no damage.
Firing (i - inventory. (/) - cycle)
f - 561 bolts (quivered)
Press: ? - help, Shift-Dir - straight line, f/p - adder
Aim: an adder (almost dead, softly glowing, shackled)
You shoot a bolt. The bolt closely misses the orc priest.
The bolt hits the adder.
You kill the adder!
The orc priest closely misses you.
Firing (i - inventory. (/) - cycle)
f - 560 bolts (quivered)
Press: ? - help, Shift-Dir - straight line, f - orc priest
Aim: an orc priest, wielding a +1 falchion of electrocution You shoot a bolt.
The bolt closely misses the orc priest.
The orc priest closely misses you.
Firing (i - inventory. (/) - cycle)
f - 559 bolts (quivered)
Press: ? - help, Shift-Dir - straight line, f/p - orc priest
Aim: an orc priest, wielding a +1 falchion of electrocution You shoot a bolt.
The bolt hits the orc priest.
The orc priest is moderately wounded.
The orc priest invokes the aid of Beogh against you.
Pain shoots through your body!
Wield which item (- for none, * to show all)? (? for menu, Esc to quit)
Okay, then.
Wield which item (- for none, * to show all)? (? for menu, Esc to quit)
You feel magic leave you.
t - a +0 antimagic dagger (weapon)
You hit the orc priest.
The orc priest is heavily wounded.
The orc priest calls down the wrath of Beogh upon you.
Beogh smites you!
* * * LOW HITPOINT WARNING * * *
You closely miss the orc priest.
The orc priest is heavily wounded.
The orc priest calls down the wrath of Beogh upon you.
Beogh smites you!
You die...
Your body disappears without a glow.

#.#####............#
.......<.......รท...#
###..###...........#
... +...........# #
#...........#
#...........#
#...........##
.............>#
....(....@o...#
###########.# #.# #.#
#.# #S# #.# .. #o#
..#######'##


You could see an orc priest.

Vanquished Creatures
  Jessica (D:2)
  Terence (D:2)
  An adder (D:3)
  2 worms
  2 dart slugs
  A leopard gecko (D:1)
  2 giant cockroaches (D:2)
  6 goblins
  A hobgoblin (D:1)
  4 jackals (D:3)
  6 kobolds
  2 quokkas (D:2)
  A bat (D:1)
  3 frilled lizards
  3 rats
36 creatures vanquished.

Notes
Turn   | Place    | Note
-------+----------+-------------------------------------------
     0 | D:1      | MisterOstroum the Gnoll Arcane Marksman began the quest for
                  | the Orb.
     0 | D:1      | Reached XP level 1. HP: 17/17 MP: 6/6
   261 | D:1      | Reached XP level 2. HP: 21/23 MP: 5/7
   296 | D:1      | Learned a level 2 spell: Shackle
   846 | D:2      | Noticed Terence
   858 | D:2      | Killed Terence
   858 | D:2      | Reached skill level 5 in Spellcasting
   858 | D:2      | Reached XP level 3. HP: 28/28 MP: 4/9
   878 | D:2      | Reached skill level 1 in Invocations
   934 | D:2      | Found a faded altar of an unknown god.
   945 | D:2      | Became a worshipper of Nemelex Xobeh the Trickster
   945 | D:2      | Received a gift from Nemelex Xobeh
   945 | D:2      | Reached * piety under Nemelex Xobeh
  1064 | D:2      | Noticed Jessica
  1073 | D:2      | Killed Jessica
  1073 | D:2      | Reached skill level 1 in Short Blades
  1073 | D:2      | Reached skill level 1 in Long Blades
  1073 | D:2      | Reached skill level 1 in Axes
  1073 | D:2      | Reached skill level 1 in Maces & Flails
  1073 | D:2      | Reached skill level 1 in Polearms
  1073 | D:2      | Reached skill level 1 in Staves
  1073 | D:2      | Reached skill level 1 in Slings
  1073 | D:2      | Reached skill level 1 in Bows
  1073 | D:2      | Reached skill level 1 in Throwing
  1073 | D:2      | Reached skill level 1 in Armour
  1073 | D:2      | Reached skill level 1 in Stealth
  1073 | D:2      | Reached skill level 1 in Shields
  1073 | D:2      | Reached skill level 1 in Unarmed Combat
  1073 | D:2      | Reached skill level 1 in Evocations
  1073 | D:2      | Reached XP level 4. HP: 28/34 MP: 7/11
  1149 | D:2      | Found a runed door.
  1410 | D:3      | Reached skill level 1 in Conjurations
  1410 | D:3      | Reached skill level 1 in Charms
  1410 | D:3      | Reached skill level 1 in Summonings
  1410 | D:3      | Reached skill level 1 in Necromancy
  1410 | D:3      | Reached skill level 1 in Translocations
  1410 | D:3      | Reached skill level 1 in Transmutations
  1410 | D:3      | Reached skill level 1 in Fire Magic
  1410 | D:3      | Reached skill level 1 in Ice Magic
  1410 | D:3      | Reached skill level 1 in Air Magic
  1410 | D:3      | Reached skill level 1 in Earth Magic
  1410 | D:3      | Reached skill level 1 in Poison Magic
  1491 | D:3      | Killed from afar by an orc priest

Skill      XL: |  1  2  3  4 |
---------------+-------------+-----
Spellcasting   | 5 |  5.1
Invocations    | 1 |  1.3
Short Blades   | 1 |  1.2
Long Blades    | 1 |  1.2
Axes           | 1 |  1.2
Maces & Flails | 1 |  1.2
Polearms       | 1 |  1.2
Staves         | 1 |  1.2
Slings         | 1 |  1.2
Bows           | 1 |  1.2
Throwing       | 1 |  1.2
Armour         | 1 |  1.2
Stealth        | 1 |  1.2
Shields        | 1 |  1.2
Unarmed Combat | 1 |  1.2
Evocations     | 1 |  1.2
Conjurations   | 1 |  1.0
Charms         | 1 |  1.0
Summonings     | 1 |  1.0
Necromancy     | 1 |  1.0
Translocations | 1 |  1.0
Transmutations | 1 |  1.0
Fire Magic     | 1 |  1.0
Ice Magic      | 1 |  1.0
Air Magic      | 1 |  1.0
Earth Magic    | 1 |  1.0
Poison Magic   | 1 |  1.0
Fighting       | |  2.8
Crossbows      | |  4.7
Dodging        | |  4.7
Hexes          | |  5.5

Action                   |  1- 3 |  4- 6 || total
-------------------------+-------+-------++-------
Melee: Dagger            |     4 |     2 ||     6
 Fire: Hand crossbow     |    32 |    31 ||    63
 Cast: Corona            |     9 |     1 ||    10
       Shackle           |     2 |     4 ||     6
 Abil: Draw Escape       |       |     1 ||     1
  Use: Potion            |       |     1 ||     1
  Eat: Chunk             |       |     2 ||     2
Armor: Leather armour    |       |     1 ||     1
Dodge: Dodged            |     9 |     4 ||    13
